 Dungeon Crawl Stone Soup version 0.29.0-4-gdea44cf6ec (webtiles) character file.

Game seed: 8987647061999400779

20 qw the Chopper (level 2, -2/17 HPs)
             Began as a Tengu Warper on Aug 28, 2022.
             Slain by a scorpion (6 damage)
             ... on level 2 of the Dungeon.
             The game lasted 00:00:05 (1144 turns).

qw the Chopper (Tengu Warper)                       Turns: 1144, Time: 00:00:05

Health: -2/17      AC:  5    Str: 11    XL:     2   Next: 79%
Magic:  6/6        EV: 10    Int: 13    God:
Gold:   19         SH:  0    Dex: 13    Spells: 5/5 levels left

rFire   . . .      SeeInvis +   Y - +0 hand axe
rCold   . . .      Faith    .   (no shield)
rNeg    . . .      Spirit   .   h - +0 ring mail
rPois   .          Reflect  .   (helmet restricted)
rElec   .          Harm     .   (no cloak)
rCorr   .          Rampage  .   (no gloves)
Will    .....                   (boots unavailable)
Stlth   +.........              (no amulet)
HPRegen 0.05/turn               i - ring of see invisible
MPRegen 0.10/turn               (no ring)

@: lethally poisoned (-2 -> -14)
A: beak, talons 3
a: no special abilities


You were on level 2 of the Dungeon.
You visited 1 branch of the dungeon, and saw 2 of its levels.

You collected 19 gold pieces.


Innate Abilities, Weirdness & Mutations

You have a beak for a mouth.
You have claws for feet.


   Skills:
 - Level 2.0 Fighting
 + Level 3.6 Axes
 - Level 1.0 Throwing
 - Level 1.1 Armour
 - Level 2.1 Dodging
 - Level 2.0 Spellcasting
 - Level 2.4 Translocations


You had 5 spell levels left.
You didn't know any spells.
Your spell library contained the following spells:

 Spells                   Type           Power      Damage    Failure   Level
 Blink                    Tloc           14%        N/A       34%         2
 Gell's Gravitas          Tloc           7%         N/A       56%         3
 Lesser Beckoning         Tloc           7%         N/A       56%         3
 Teleport Other           Tloc           7%         N/A       56%         3
 Manifold Assault         Tloc           7%         N/A       99%         5

Inventory:

Hand Weapons
 f - a +0 whip
 Y - a +0 hand axe (weapon)
Armour
 h - a +0 ring mail (worn)
Jewellery
 i - a ring of see invisible (left hand)
Scrolls
 a - a scroll of enchant weapon {unknown}
Potions
 b - 3 potions of brilliance {unknown}

Dungeon Overview and Level Annotations

Branches:
Dungeon (2/15)

Altars:

Shops:
D:1 :


Message History

b - 3 golden potions You hit the worm.
The worm is lightly wounded.
You hit the worm. You claw the worm, but do no damage.
The worm is lightly wounded.
The worm bites you.
You hit the worm. You claw the worm.
The worm is moderately wounded.
The worm bites you but does no damage.
You barely miss the worm.
The worm is lightly wounded.
You hit the worm but do no damage. You claw the worm, but do no damage.
The worm is lightly wounded.
A bat comes into view.
The worm bites you.
The bat moves out of view.
You completely miss the worm. You peck the worm.
The worm is moderately wounded.
The worm bites you!
You hit the worm.
The worm is moderately wounded.
You hit the worm.
The worm is severely wounded.
The worm misses you.
You hit the worm.
You kill the worm!
You closely miss the bat. You claw the bat.
You kill the bat!
You start resting.
HP restored.
A scorpion comes into view.
You hit the scorpion. You claw the scorpion.
The scorpion is heavily wounded.
The scorpion stings you.
You are lethally poisoned!
The scorpion poisons you! The scorpion stings you.
You hit the scorpion but do no damage. Your peck misses the scorpion.
The scorpion is heavily wounded.
You feel very sick. The scorpion stings you.
You die...

.. ... #. # #. ...
... #.#.. ... ...
..... ##.###.#
...... ).....
......# #)..#
....<.s###...#
.......@.....#
.......###%..# ##
....... #...# # ...
.......###...#.#....
.............#.#....
.......#.#..........
.........###)#.#....
........ #........
..... ##..#.#... .


You could see a scorpion.

Vanquished Creatures
  A dart slug (D:1)
  A worm (D:2)
  2 ball pythons (D:1)
  2 endoplasms
  2 hobgoblins
  A quokka (D:1)
  A bat (D:2)
  A frilled lizard (D:1)
  A goblin (D:1)
  2 kobolds (D:1)
  2 rats (D:1)
16 creatures vanquished.

Notes
Turn   | Place    | Note
-------+----------+-------------------------------------------
     0 | D:1      | qw the Tengu Warper began the quest for the Orb.
     0 | D:1      | Reached XP level 1. HP: 12/12 MP: 4/4
     0 | D:1      | 0 ||| qw: Version: 0.1-a-89-g26bdef1
     0 | D:1      | 0 ||| qw: Game counter: 283
     0 | D:1      | 0 ||| qw: Always use a shield: true
     0 | D:1      | 0 ||| qw: God list: Okawaru
     0 | D:1      | 0 ||| qw: Allow faded altars: false
     0 | D:1      | 0 ||| qw: Do Orc after D:15 true
     0 | D:1      | 0 ||| qw: Do second Lair branch before Depths: true
     0 | D:1      | 0 ||| qw: Lair rune preference: random
     0 | D:1      | 0 ||| qw: Plans: Normal
     0 | D:1      | 0 ||| PLANNING D:1-11
     6 | D:1      | Found Cufuokkaa's Book Shoppe.
   308 | D:1      | Reached XP level 2. HP: 17/17 MP: 6/6
   319 | D:1      | Reached skill level 3 in Axes
   782 | D:1      | 782 ||| UPGRADING to +0 ring mail.
   792 | D:1      | 792 ||| DROPPING +0 leather armour.
   793 | D:1      | 793 ||| UPGRADING to ring of see invisible.
   794 | D:1      | 794 ||| READING scroll labelled CESSAMOALIWN.
   795 | D:1      | 795 ||| READING scroll labelled OKKIPP ZINODIE.
   796 | D:1      | 796 ||| DRINKING 2 viscous coppery potions.
   820 | D:1      | 820 ||| DROPPING scroll of blinking.
   821 | D:1      | 821 ||| DROPPING potion of lignification.
   887 | D:2      | HP: 4/17 [worm (7)]
  1139 | D:2      | Noticed a scorpion
  1144 | D:2      | HP: 4/17 [poisoned by a scorpion]
  1144 | D:2      | Slain by a scorpion

Levels and vault maps discovered:
D:1:      dpeg_arrival_rooms_a, layout_basic, serial_shops, shop
D:2:      layout_rooms, chequers_ecumenical_altar_simple

Skill      XL: |  1  2 |
---------------+-------+-----
Axes           | 3 |  3.6
Fighting       | |  2.0
Throwing       | |  1.0
Armour         | |  1.1
Dodging        | |  2.1
Spellcasting   | |  2.0
Translocations | |  2.4

Action                   || total
-------------------------++-------
Melee: Hand axe          ||    41
       Kick              ||    12
       Peck              ||     6
Throw: Boomerang         ||     7
  Use: Scroll            ||     2
       Potion            ||     1
Armor: Leather armour    ||     4
       Ring mail         ||     3
Dodge: Dodged            ||    11

Table legend:
 A = Non-vault XP
 B = Vault XP
 C = Vault XP percentage of total XP
 D = Non-vault monster count
 E = Vault monster count
 F = Vault count percentage of total count
                 A         B        C        D         E       F
            +---------+---------+-------+---------+---------+-------
      Total |      29 |       0 |   0.0 |      16 |       0 |   0.0
            +---------+---------+-------+---------+---------+-------
        D:1 |      20 |       0 |   0.0 |      12 |       0 |   0.0
        D:2 |       9 |       0 |   0.0 |       4 |       0 |   0.0
            +---------+---------+-------+---------+---------+-------
